[Event "Festival Groningen-A 2024"]
[Site "Groningen"]
[Date "2024.12.26"]
[Round "5.27"]
[White "Kazarjan, Gachatur"]
[Black "Duson, Robin"]
[Result "1-0"]
[ECO "C50"]
[WhiteElo "2067"]
[BlackElo "2159"]
[Annotator "RC"]
[PlyCount "83"]
[EventDate "2024.12.21"]
[EventType "swiss"]
[EventCountry "NED"]
[SourceTitle "playchess.com"]
[Source "ChessBase"]
[SourceQuality "1"]
[TimeControl "40/5400+30:1800+30"]

1. e4 e5 2. Nf3 Nc6 3. Bc4 Nf6 4. d3 Bc5 5. Nc3 a6 6. Bg5 h6 7. Bxf6 Qxf6 8. Nd5 Qd8 9. c3 O-O 10. d4 exd4 11. cxd4 Ba7 12. O-O Ne7 13. Ne3 Ng6 14. g3 d6 15. a4 c6 16. a5 Be6 17. Bd3 Ne7 18. Bc2 f5 19. d5 cxd5 20. exf5 Bxe3 21. fxe6 Ba7 22. Qd3 g6 23. Kg2 Rf6 24. Bb3 Kg7 25. Bxd5 Nxd5 26. Qxd5 Qe7 27. Rfe1 Raf8 28. Ra3 Rf5 29. Qd2 g5 30. h3 h5 31. Re2 g4 32. hxg4 hxg4 33. Nh4 Rb5 34. Ra4 Rg5 35. Qc3+ Kh6 36. Rf4 Rc5 37. Rxf8 Qxf8 38. e7 Qe8 39. Qf6+ Kh7 40. Qg6+ Qxg6 41. Nxg6 Rc8 42. Nf8+ 1-0

[Event "Festival Groningen-A 2024"]
[Site "Groningen"]
[Date "2024.12.26"]
[Round "5.28"]
[White "Spit, Vincent"]
[Black "De Boer, Bas"]
[Result "0-1"]
[ECO "C42"]
[WhiteElo "2113"]
[BlackElo "2157"]
[Annotator "RC"]
[PlyCount "106"]
[EventDate "2024.12.21"]
[EventType "swiss"]
[EventCountry "NED"]
[SourceTitle "playchess.com"]
[Source "ChessBase"]
[SourceQuality "1"]
[TimeControl "40/5400+30:1800+30"]

1. e4 e5 2. Nf3 Nf6 3. Nxe5 d6 4. Nf3 Nxe4 5. d4 d5 6. Bd3 Bd6 7. O-O O-O 8. c4 c6 9. Nc3 Nxc3 10. bxc3 dxc4 11. Bxc4 Nd7 12. Re1 h6 13. Bb3 Nf6 14. Qd3 c5 15. Ne5 cxd4 16. cxd4 Bxe5 17. Rxe5 Ng4 18. Rh5 Be6 19. Bb2 Nf6 20. Re5 Bxb3 21. Qxb3 Ng4 22. Rf5 Qd6 23. Qh3 Qg6 24. Qf3 Rac8 25. d5 Rc2 26. Bd4 Rfc8 27. g3 R8c4 28. Rd1 h5 29. Bxa7 Rc1 30. Rxc1 Rxc1+ 31. Kg2 Qa6 32. Kh3 Qxa7 33. Rxf7 Nf6 34. Rxf6 gxf6 35. Qxf6 Qc5 36. Qe6+ Kg7 37. Qd7+ Kf8 38. Qf5+ Ke7 39. Qxh5 Rc2 40. Qe5+ Kd8 41. f4 Rd2 42. f5 Rxd5 43. Qb8+ Qc8 44. Qxc8+ Kxc8 45. g4 Ra5 46. Kg3 Kd7 47. h4 Rxa2 48. h5 b5 49. h6 b4 50. h7 Ra8 51. g5 Ke7 52. Kg4 b3 53. f6+ Ke6 0-1

[Event "Festival Groningen-A 2024"]
[Site "Groningen"]
[Date "2024.12.26"]
[Round "5.29"]
[White "Mohammed, Dilshad"]
[Black "Schilstra, Laurens"]
[Result "1/2-1/2"]
[ECO "E18"]
[WhiteElo "2078"]
[BlackElo "2150"]
[Annotator "RC"]
[PlyCount "228"]
[EventDate "2024.12.21"]
[EventType "swiss"]
[EventCountry "NED"]
[SourceTitle "playchess.com"]
[Source "ChessBase"]
[SourceQuality "1"]
[TimeControl "40/5400+30:1800+30"]

1. Nf3 Nf6 2. c4 e6 3. g3 b6 4. Bg2 Bb7 5. O-O Be7 6. d4 O-O 7. Nc3 Bb4 8. Qc2 c5 9. Bg5 h6 10. Bxf6 Qxf6 11. Ng5 hxg5 12. Bxb7 Bxc3 13. bxc3 Nc6 14. Bxa8 Rxa8 15. Rad1 cxd4 16. cxd4 Rc8 17. Qe4 Na5 18. c5 b5 19. d5 Qf5 20. Qxf5 exf5 21. c6 dxc6 22. dxc6 Nc4 23. Rd5 Rxc6 24. Rxb5 Re6 25. e3 g6 26. Rc1 Nd2 27. Rb8+ Kg7 28. Rb7 a6 29. a4 g4 30. Kg2 Nf3 31. h4 Rd6 32. Rbc7 Rd2 33. Ra1 Ne5 34. Rcc1 Rb2 35. Rd1 Nc4 36. Rd4 Nd2 37. Rd1 Ne4 38. Rxe4 fxe4 39. Rd6 Rb1 40. Rxa6 Ra1 41. a5 f5 42. Ra7+ Kg8 43. a6 Kf8 44. Ra8+ Kg7 45. a7 Kh7 46. h5 gxh5 47. Rf8 Rxa7 48. Rxf5 Kg6 49. Rf4 Ra4 50. Kf1 Kg5 51. Rf8 Ra2 52. Ke1 Rb2 53. Rf4 Rb4 54. Kd2 Rc4 55. Rf8 Kg6 56. Ra8 Kg5 57. Rd8 Rc5 58. Rg8+ Kf5 59. Rb8 Kg5 60. Ra8 Kf5 61. Ra2 Kg5 62. Ra7 Kf5 63. Ra3 Kg5 64. Rb3 Rd5+ 65. Ke2 Rc5 66. Kd2 Rd5+ 67. Kc2 Rf5 68. Kc3 Rxf2 69. Kd4 Rf3 70. Rb5+ Kg6 71. Rb6+ Rf6 72. Rb8 Re6 73. Rg8+ Kh7 74. Rg5 Kh6 75. Rg8 Re7 76. Rh8+ Kg6 77. Rg8+ Kh7 78. Rg5 Kh6 79. Rg8 Re6 80. Rh8+ Kg5 81. Rg8+ Rg6 82. Rh8 Rh6 83. Rg8+ Kf5 84. Rd8 h4 85. Rd5+ Ke6 86. gxh4 Rxh4 87. Ra5 g3 88. Rg5 Rh3 89. Kxe4 Rh4+ 90. Kf3 Ra4 91. Rxg3 Rb4 92. Rg8 Ra4 93. Re8+ Kf6 94. Rb8 Ke5 95. Rb5+ Ke6 96. Rb8 Ke5 97. Re8+ Kf6 98. Rg8 Rb4 99. Ra8 Ke5 100. Re8+ Kf6 101. Ke2 Rb3 102. Rd8 Ke5 103. Rh8 Ra3 104. Rh4 Ra1 105. Rb4 Kd5 106. Kf3 Rf1+ 107. Kg4 Ke5 108. Ra4 Rf2 109. Kg3 Rf1 110. Kg4 Rf2 111. Kg3 Rf1 112. Kg2 Rf8 113. Rf4 Rxf4 114. exf4+ Kxf4 1/2-1/2

[Event "Festival Groningen-A 2024"]
[Site "Groningen"]
[Date "2024.12.26"]
[Round "5.30"]
[White "Khoo-Thwe, Louis"]
[Black "Kanis, Sierk"]
[Result "1/2-1/2"]
[ECO "B13"]
[WhiteElo "2124"]
[BlackElo "2116"]
[Annotator "RC"]
[PlyCount "86"]
[EventDate "2024.12.21"]
[EventType "swiss"]
[EventCountry "NED"]
[SourceTitle "playchess.com"]
[Source "ChessBase"]
[SourceQuality "1"]
[TimeControl "40/5400+30:1800+30"]

1. e4 c6 2. d4 d5 3. exd5 cxd5 4. Bd3 Nf6 5. c3 Bg4 6. Qb3 Qc7 7. Ne2 Bxe2 8. Bxe2 e6 9. Be3 Bd6 10. Nd2 Nc6 11. f4 O-O 12. O-O Ne7 13. g3 Nf5 14. Bf2 Be7 15. Bd3 Nd6 16. a4 Rfc8 17. Qc2 Rab8 18. f5 exf5 19. Bxf5 Nxf5 20. Qxf5 b5 21. axb5 Rxb5 22. Rxa7 Qxa7 23. Qxc8+ Bf8 24. b4 Rb8 25. Qf5 Qc7 26. Nb1 Re8 27. Qf3 Ne4 28. Be3 Re6 29. Bf4 Qc4 30. Rc1 g5 31. Nd2 Qa2 32. Nxe4 dxe4 33. Qg4 h6 34. Be3 Qc4 35. Qd1 Rf6 36. Qc2 Rf3 37. Qd2 Bd6 38. Ra1 f5 39. Bxg5 Rd3 40. Qf2 Rf3 41. Qd2 Rd3 42. Qf2 Rf3 43. Qd2 Rd3 1/2-1/2